 Dungeon Crawl Stone Soup version 0.18-a0-1577-gf591c28 (webtiles) character file.

15 4thArraOfDagon the Changer (level 2, -1/20 HPs)
             Began as a Demigod Wanderer on Mar 17, 2016.
             Slain by Fabri's ghost (6 damage)
             ... on level 3 of the Dungeon.
             The game lasted 00:02:22 (417 turns).

4thArraOfDagon the Changer (Demigod Wanderer)        Turns: 417, Time: 00:02:22

Health: -1/20      AC:  2    Str: 14    XL:     2   Next: 21%
Magic:  0/7        EV: 11    Int: 15    God:
Gold:   13         SH:  0    Dex: 17    Spells: 1 memorised, 3 levels left

rFire  . . .     SeeInvis .     g - 34 stones
rCold  . . .     Gourm    .     d - +0 robe
rNeg   . . .     Faith    .     (no shield)
rPois  .         Spirit   .     (no helmet)
rElec  .         Dismiss  .     (no cloak)
rCorr  .         Reflect  .     (no gloves)
SustAt +         Harm     .     (no boots)
MR     .....                    (no amulet)
Stlth  +++.......               (no ring)
                                r - ring of stealth

@: very slightly contaminated, not resistant to hostile enchantments, fairly
stealthy
A: high mp 1, sustain attributes
a: no special abilities


You were on level 3 of the Dungeon.
You were not hungry.

You visited 1 branch of the dungeon, and saw 4 of its levels.

You collected 13 gold pieces.

Inventory:

Hand Weapons
 e - a +0 dagger
Missiles
 g - 34 stones (in hand)
 h - 34 poisoned needles
Armour
 d - a +0 robe (worn)
 v - a +0 ring mail of poison resistance
Jewellery
 r - a ring of stealth (left hand)
Scrolls
 i - a scroll of recharging {unknown}
 j - a scroll of fog {unknown}
 k - a scroll of remove curse {unknown}
 n - 2 scrolls of immolation {unknown}
 p - 3 scrolls of blinking {unknown}
 u - 4 scrolls of identify {unknown}
Potions
 m - a potion of curing {unknown}
 o - 2 potions of cancellation {unknown}
 q - a potion of agility {unknown}
 s - 2 potions of ambrosia {unknown}
 t - a potion of haste {unknown}
Books
 a - a book of Geomancy

   Spells                             Type                      Level
   a - Sandblast                      Earth                        1
   b - Passwall                       Transmutation/Earth          2
   c - Stone Arrow                    Conjuration/Earth            3
   d - Petrify                        Transmutation/Earth          4
   e - Lee's Rapid Deconstruction     Earth                        5
 b - Erphir Gum's Almanac of Envenoming

   Spells                             Type                      Level
   a - Sting                          Conjuration/Poison           1
   b - Ignite Poison                  Fire/Transmutation/Poison    3
 c - the Catalogue of the Entourage

   Spells                             Type                      Level
   a - Summon Butterflies             Summoning                    1
   b - Recall                         Summoning/Translocation      3
Comestibles
 f - a bread ration
 l - a meat ration


   Skills:
   Level 1.7 Shields
 - Level 1.7 Spellcasting
   Level 1.0 Hexes
   Level 2.6 Transmutations
   Level 1.7 Ice Magic
 * Level 1.8 Earth Magic


You had 3 spell levels left.
You knew the following spells:

 Your Spells              Type           Power        Failure   Level  Hunger
a - Sandblast             Erth           #.....       12%         1    ##.....


Dungeon Overview and Level Annotations

Branches:
Dungeon (4/15)
 Temple: D:4-7

Annotations:
D:3 Fabri's ghost, amateur OpTm
D:4 HandofTrog's ghost, amateur MiFi


Innate Abilities, Weirdness & Mutations

You have an increased reservoir of magic (+10% MP).
Your attributes are resistant to harm.


Message History

The rocky blast hits Fabri's ghost.
Fabri's ghost is severely damaged.
Fabri's ghost barely misses you.
Casting: Sandblast
Confirm with . or Enter, or press ? or * to list all spells.
Aiming: Sandblast
Press: ? - help, Shift-Dir - straight line, f/p - Fabri's ghost
Aim: Fabri's ghost (severely damaged)
The rocky blast misses Fabri's ghost.
Fabri's ghost hits you.
* * * LOW HITPOINT WARNING * * *
Fabri's ghost says very slowly, "There's no hope."
Casting: Sandblast
Confirm with . or Enter, or press ? or * to list all spells.
Aiming: Sandblast
Press: ? - help, Shift-Dir - straight line, f/p - Fabri's ghost
Aim: Fabri's ghost (severely damaged)
The rocky blast hits Fabri's ghost.
Fabri's ghost is almost destroyed.
Fabri's ghost hits you.
You die...

#.######.##
#.# #.# #.#
#.# #.# #.#
#W# #@# #.#
#.##########
#..........#
##########.#
#.# #.# #.#
##########.#


You could see Fabri's ghost.

Vanquished Creatures
  An adder (D:2)
  A goblin (D:2)
  2 bats
  A giant newt (D:4)
  2 kobolds
  2 rats
9 creatures vanquished.

Notes
Turn   | Place    | Note
--------------------------------------------------------------
     0 | D:1      | 4thArraOfDagon the Demigod Wanderer began the quest for the Orb.
     0 | D:1      | 4thArraOfDagon set off with: a book of Geomancy, Erphir Gum's Almanac of Envenoming, the Catalogue of the Entourage, a +0 robe, a +0 dagger, a bread ration
     0 | D:1      | Reached XP level 1. HP: 14/14 MP: 5/5
     0 | D:1      | Identified Erphir Gum's Almanac of Envenoming
     0 | D:1      | Identified the Catalogue of the Entourage
    88 | D:2      | Learned a level 1 spell: Sandblast
   131 | D:2      | Reached skill level 1 in Earth Magic
   135 | D:2      | Reached XP level 2. HP: 11/20 MP: 1/7
   308 | D:4      | Noticed HandofTrog's ghost (amateur MiFi)
   317 | D:3      | Found a radiant altar of Vehumet.
   379 | D:3      | Noticed Fabri's ghost (amateur OpTm)
   417 | D:3      | Slain by Fabri's ghost

Vault maps used:
D:1:      dpeg_arrival_brainrot
D:2:      grunt_temple_overflow_open
D:3:      fiery_altar_vehumet, first_bread, gup_sewer_entry_glass
D:4:      kennysheep_mini_moat, nicolae_overflow_hidden_temple,
          okawaru_gym_becter, uniq_eustachio, uniq_robin

Skill      XL: |  1 |
---------------+----+-----
Earth Magic    | 1 |  1.8
Shields        | |  1.7
Spellcasting   | |  1.7
Hexes          | |  1.0
Transmutations | |  2.6
Ice Magic      | |  1.7

Action                   || total
-------------------------++-------
Melee: Dagger            ||    12
 Cast: Sandblast         ||    14
 Stab: Sleeping          ||     2
